 Dungeon Crawl Stone Soup version 0.21.1-1-g345015f (webtiles) character file.

70 Lilu the Firebug (level 4, 0/36 HPs)
             Began as a Deep Elf Fire Elementalist on July 22, 2018.
             Succumbed to an adder's poison
             ... on level 2 of the Dungeon.
             The game lasted 00:09:58 (1379 turns).

Lilu the Firebug (Deep Elf Fire Elementalist)       Turns: 1379, Time: 00:09:59

Health: 0/36       AC: 22    Str:  2 (5)  XL:     4   Next: 3%
Magic:  11/11      EV:  2    Int: 19 (21) God:
Gold:   159        SH:  0    Dex: 14 (15) Spells: 6/10 levels left

rFire    + . .     SeeInvis .   (no weapon)
rCold    + . .     Gourm    .   (no shield)
rNeg     + + +     Faith    .   (armour currently unavailable)
rPois    +         Spirit   .   (helmet currently unavailable)
rElec    +         Reflect  .   (cloak currently unavailable)
rCorr    +         Harm     .   (gloves currently unavailable)
MR       .....     NoTele   +   (boots currently unavailable)
Stlth    ++........             (no amulet)
HPRegen  0.12/turn              (no ring)
MPRegen  0.12/turn              (no ring)

@: lethally poisoned (0 -> -6), tree-form, resistant
A: no striking features
a: no special abilities


You were on level 2 of the Dungeon.
You were not hungry.
You were a tree.
You visited 1 branch of the dungeon, and saw 2 of its levels.

You collected 159 gold pieces.

Inventory:

Hand Weapons
 i - a +1 dagger of protection
Missiles
 d - 115 stones (quivered)
 g - 12 bolts
Armour
 a - a +0 robe (melded)
Jewellery
 f - a cursed ring of loudness
 j - an uncursed amulet of the gourmand
 t - an uncursed amulet of the gourmand
Scrolls
 n - a scroll of immolation {unknown}
 o - a scroll of magic mapping {unknown}
 r - a scroll of enchant weapon {unknown}
 s - a scroll of enchant armour {unknown}
Books
 b - a book of Flames

   Spells                             Type                      Level
   a - Flame Tongue                   Conjuration/Fire             1
   b - Throw Flame                    Conjuration/Fire             2
   c - Conjure Flame                  Conjuration/Fire             3
   d - Inner Flame                    Hexes/Fire                   3
   e - Sticky Flame                   Conjuration/Fire             4
   f - Fireball                       Conjuration/Fire             5
Comestibles
 c - 6 rations
 p - a chunk of flesh


   Skills:
 + Level 3.0 Dodging
 - Level 2.5 Stealth
 + Level 3.9 Spellcasting
 + Level 1.8 Conjurations
 + Level 4.3 Fire Magic


You had 6 spell levels left.
You knew the following spells:

 Your Spells              Type           Power        Failure   Level  Hunger
a - Flame Tongue          Conj/Fire      ###..        3%          1    None
b - Conjure Flame         Conj/Fire      ###.....     12%         3    ###....


Dungeon Overview and Level Annotations

Branches:
Dungeon (2/15)

Altars:
Cheibriados


Message History

You feel sick.
There is a lethal amount of poison in your body!
There is a lethal amount of poison in your body!
There is a lethal amount of poison in your body!
There is a lethal amount of poison in your body!
* * * LOW HITPOINT WARNING * * *
You feel sick.
* * * LOW HITPOINT WARNING * * *
You feel sick.
As you read the scroll labeled LIDENE HAIR, it crumbles to dust.
You hear a loud clanging noise!
It was a scroll of noise.
As you read the scroll labeled CAS FIONWOR, it crumbles to dust.
It is a scroll of identify.
f - a cursed ring of loudness
* * * LOW HITPOINT WARNING * * *
You feel sick.
As you read the scroll of identify, it crumbles to dust.
j - an uncursed amulet of the gourmand You die...

#.####.#.#.# # #.#
##.#.#÷#####.# #
#................#
.
######.#.#...#####
# #.#...#.#
#.###...# ## .#
##.## ..
#.######.#
#.....♣..#
##########


There were no monsters in sight!

Vanquished Creatures
  2 adders (D:2)
  A gnoll (D:1)
  A worm (D:1)
  An orc (D:2)
  4 bats
  2 giant cockroaches
  5 goblins
  6 hobgoblins (D:1)
  2 frilled lizards
  9 kobolds
  4 rats
37 creatures vanquished.

Notes
Turn   | Place    | Note
-------+----------+-------------------------------------------
     0 | D:1      | Lilu the Deep Elf Fire Elementalist began the quest for the Orb.
     0 | D:1      | Reached XP level 1. HP: 10/10 MP: 6/6
    74 | D:1      | Reached XP level 2. HP: 15/15 MP: 4/8
   184 | D:1      | Reached skill level 4 in Fire Magic
   353 | D:1      | Reached XP level 3. HP: 19/19 MP: 6/9
   699 | D:2      | Noticed a sky beast
   823 | D:2      | Learned a level 3 spell: Conjure Flame
  1084 | D:2      | Found a snail-covered altar of Cheibriados.
  1370 | D:2      | Reached XP level 4. HP: 6/24 MP: 6/11
  1378 | D:2      | HP: 1/36 [poisoned by an adder]
  1379 | D:2      | Succumbed to an adder's poison

Skill      XL: |  1  2  3 |
---------------+----------+-----
Fire Magic     | 4 |  4.3
Dodging        | 3 |  3.0
Stealth        | |  2.5
Spellcasting   | |  3.9
Conjurations   | |  1.8

Action                   |  1- 3 |  4- 6 || total
-------------------------+-------+-------++-------
 Cast: Flame Tongue      |    77 |     1 ||    78
  Use: Potion            |       |     4 ||     4
       Scroll            |       |     3 ||     3
  Eat: Chunk             |     1 |       ||     1
Armor: Robe              |     9 |       ||     9
Dodge: Dodged            |    23 |       ||    23
